 Dungeon Crawl Stone Soup version 0.24-a0-516-g9de272bb65 (webtiles) character file.

Game seed: 517399637492804345

56 Greboboi the Vexing (level 3, -3/28 HPs)
             Began as a Gnoll Arcane Marksman on July 22, 2019.
             Slain by a worker ant (5 damage)
             ... on level 3 of the Dungeon.
             The game lasted 00:03:53 (2238 turns).

Greboboi the Vexing (Gnoll Arcane Marksman)         Turns: 2238, Time: 00:03:53

Health: -3/28      AC:  2    Str: 12    XL:     3   Next: 95%
Magic:  7/7        EV: 15    Int: 15    God:
Gold:   114        SH:  0    Dex: 16    Spells: 6/7 levels left

rFire    . . .     SeeInvis .   n - +0 short sword
rCold    . . .     Gourm    .   (no shield)
rNeg     . . .     Faith    .   e - +0 robe
rPois    +         Spirit   .   (no helmet)
rElec    .         Reflect  .   (no cloak)
rCorr    .         Harm     .   (no gloves)
MR       .....                  (no boots)
Stlth    ++........             (no amulet)
HPRegen  0.09/turn              g - ring of poison resistance
MPRegen  0.10/turn              (no ring)

@: no status effects
A: distributed training, fangs 1, strong nose
a: no special abilities


You were on level 3 of the Dungeon.
You were not hungry.

You visited 1 branch of the dungeon, and saw 3 of its levels.

You collected 114 gold pieces.

Inventory:

Hand Weapons
 a - a +0 hand crossbow
 j - a +0 club
 n - a +0 short sword (weapon)
Missiles
 d - 12 bolts
Armour
 e - a +0 robe (worn)
Jewellery
 g - a ring of poison resistance (left hand)
Scrolls
 b - a scroll of fear {unknown}
 i - 2 scrolls of magic mapping {unknown}
 k - 3 scrolls of identify {unknown}
 l - a scroll of amnesia {unknown}
 m - a scroll of fog {unknown}
 p - a scroll of teleportation {unknown}
Potions
 c - 2 potions of curing {unknown}
 h - a potion of degeneration {unknown}
 o - a potion of invisibility {unknown}
 q - 2 potions of might {unknown}
Comestibles
 f - 8 rations


   Skills:
 + Level 2.6 Fighting
 + Level 1.0 Short Blades
 + Level 1.0 Long Blades
 + Level 1.0 Axes
 + Level 1.0 Maces & Flails
 + Level 1.0 Polearms
 + Level 1.0 Staves
 + Level 1.0 Slings
 + Level 1.0 Bows
 + Level 4.6 Crossbows
 + Level 1.0 Throwing
 + Level 1.0 Armour
 + Level 4.6 Dodging
 + Level 1.0 Stealth
 + Level 1.0 Shields
 + Level 1.0 Unarmed Combat
 + Level 2.9 Spellcasting
 + Level 0.7 Conjurations
 + Level 5.4 Hexes
 + Level 0.7 Charms
 + Level 0.7 Summonings
 + Level 0.7 Necromancy
 + Level 0.7 Translocations
 + Level 0.7 Transmutations
 + Level 0.7 Fire Magic
 + Level 0.7 Ice Magic
 + Level 0.7 Air Magic
 + Level 0.7 Earth Magic
 + Level 0.7 Poison Magic
 + Level 1.0 Invocations
 + Level 1.0 Evocations


You had 6 spell levels left.
You knew the following spells:

 Your Spells              Type           Power        Failure   Level  Hunger
a - Corona                Hex            ###....      2%          1    #......

Your spell library contained the following spells:

 Spells                   Type           Power        Failure   Level  Hunger
 Slow                     Hex            ###.....     3%          2    ##.....
 Inner Flame              Hex/Fire       ##......     17%         3    ###....
 Portal Projectile        Hex/Tloc       ##....       17%         3    ###....
 Cause Fear               Hex            ###.......   22%         4    #####..
 Leda's Liquefaction      Hex/Erth       ##........   50%         4    #####..


Dungeon Overview and Level Annotations

Branches:
Dungeon (3/15)

Altars:


Innate Abilities, Weirdness & Mutations

Your experience applies equally to all skills.
You have very sharp teeth.
Your uncanny sense of smell can sniff out nearby items.


Message History

You are too injured to fight recklessly!
You closely miss the worker ant.
The worker ant is heavily wounded.
The worker ant bites you.
* * * LOW HITPOINT WARNING * * *
You hit the worker ant.
The worker ant is heavily wounded.
The worker ant bites you.
* * * LOW HITPOINT WARNING * * *
You hit the worker ant.
The worker ant is almost dead.
The worker ant closely misses you.
You hit the worker ant.
The worker ant is almost dead.
The worker ant bites you.
* * * LOW HITPOINT WARNING * * *
You barely miss the worker ant.
The worker ant is almost dead.
The worker ant closely misses you. The worker ant bites you.
You die... #.##### #...a@# #######

You could see a worker ant.

Vanquished Creatures
  2 oozes (D:2)
  A worm (D:2)
  2 giant cockroaches
  6 goblins
  4 hobgoblins
  10 jackals
  A ball python (D:2)
  A bat (D:1)
  7 frilled lizards
  4 kobolds
  5 rats
  2 plants (D:1)
45 creatures vanquished.

Notes
Turn   | Place    | Note
-------+----------+-------------------------------------------
     0 | D:1      | Greboboi the Gnoll Arcane Marksman began the quest for the
                  | Orb.
     0 | D:1      | Reached XP level 1. HP: 17/17 MP: 4/4
   158 | D:1      | Reached XP level 2. HP: 23/23 MP: 5/5
  1252 | D:2      | Reached XP level 3. HP: 28/28 MP: 7/7
  1363 | D:2      | Reached skill level 1 in Invocations
  2094 | D:2      | Reached skill level 1 in Short Blades
  2094 | D:2      | Reached skill level 1 in Long Blades
  2094 | D:2      | Reached skill level 1 in Axes
  2094 | D:2      | Reached skill level 1 in Maces & Flails
  2094 | D:2      | Reached skill level 1 in Polearms
  2094 | D:2      | Reached skill level 1 in Staves
  2094 | D:2      | Reached skill level 1 in Slings
  2094 | D:2      | Reached skill level 1 in Bows
  2094 | D:2      | Reached skill level 1 in Throwing
  2094 | D:2      | Reached skill level 1 in Armour
  2094 | D:2      | Reached skill level 1 in Stealth
  2094 | D:2      | Reached skill level 1 in Shields
  2094 | D:2      | Reached skill level 1 in Unarmed Combat
  2094 | D:2      | Reached skill level 1 in Evocations
  2238 | D:3      | Slain by a worker ant

Levels and vault maps discovered:
D:1:      wander_arrival_desolate, layout_basic, serial_bayou_ford_a
D:2:      layout_basic, first_ration
D:3:      layout_basic

Skill      XL: |  1  2  3 |
---------------+----------+-----
Invocations    | 1 |  1.0
Short Blades   | 1 |  1.0
Long Blades    | 1 |  1.0
Axes           | 1 |  1.0
Maces & Flails | 1 |  1.0
Polearms       | 1 |  1.0
Staves         | 1 |  1.0
Slings         | 1 |  1.0
Bows           | 1 |  1.0
Throwing       | 1 |  1.0
Armour         | 1 |  1.0
Stealth        | 1 |  1.0
Shields        | 1 |  1.0
Unarmed Combat | 1 |  1.0
Evocations     | 1 |  1.0
Fighting       | |  2.6
Crossbows      | |  4.6
Dodging        | |  4.6
Spellcasting   | |  2.9
Conjurations   | |  0.7
Hexes          | |  5.4
Charms         | |  0.7
Summonings     | |  0.7
Necromancy     | |  0.7
Translocations | |  0.7
Transmutations | |  0.7
Fire Magic     | |  0.7
Ice Magic      | |  0.7
Air Magic      | |  0.7
Earth Magic    | |  0.7
Poison Magic   | |  0.7

Action                   || total
-------------------------++-------
Melee: Club              ||   316
       Bite              ||    47
       Punch             ||     2
       Short sword       ||    52
 Fire: Hand crossbow     ||    67
 Stab: Sleeping          ||     2
  Eat: Chunk             ||     5
Armor: Robe              ||    18
Dodge: Dodged            ||    96

Table legend:
 A = Non-vault XP
 B = Vault XP
 C = Vault XP percentage of total XP
 D = Non-vault monster count
 E = Vault monster count
 F = Vault count percentage of total count
                 A         B        C        D         E       F
            +---------+---------+-------+---------+---------+-------
      Total |      80 |       0 |   0.0 |      43 |       0 |   0.0
            +---------+---------+-------+---------+---------+-------
        D:1 |      29 |       0 |   0.0 |      20 |       0 |   0.0
        D:2 |      51 |       0 |   0.0 |      23 |       0 |   0.0
            +---------+---------+-------+---------+---------+-------
